 Dungeon Crawl Stone Soup version 0.28.0-53-g5a82cb258f (webtiles) character file.

Game seed: 14000168953568428148

6 Jerry the Skirmisher (level 1, 7/11 HPs)
             Began as a Vine Stalker Fighter on Sept 17, 2022.
             Quit the game on level 1 of the Dungeon.
             The game lasted 00:00:21 (249 turns).

Jerry the Skirmisher (Vine Stalker Fighter)          Turns: 249, Time: 00:00:21

Health: 7/11       AC:  6    Str: 18    XL:     1   Next: 90%
Magic:  1/2        EV:  9    Int:  8    God:
Gold:   17         SH:  4    Dex: 13    Spells: 0/0 levels left

rFire   . . .      SeeInvis .   a - +0 rapier
rCold   . . .      Faith    .   c - +0 buckler
rNeg    . . .      Spirit   +   b - +0 scale mail
rPois   .          Reflect  .   (no helmet)
rElec   .          Harm     .   (no cloak)
rCorr   .          Rampage  .   (no gloves)
Will    .....                   (no boots)
Stlth   ..........              (no amulet)
HPRegen 0.03/turn               (no ring)
MPRegen 0.08/turn               (no ring)

@: no status effects
A: fangs 2, magic shield, antimagic bite, no potion heal 2
a: no special abilities


You were on level 1 of the Dungeon.
You visited 1 branch of the dungeon, and saw 1 of its levels.

You collected 17 gold pieces.

Inventory:

Hand Weapons
 a - a +0 rapier (weapon)
Armour
 b - a +0 scale mail (worn)
 c - a +0 buckler (worn)
Jewellery
 e - an amulet of regeneration
Scrolls
 f - a scroll of acquirement {unknown}
Potions
 d - a potion of might


   Skills:
 + Level 2.8 Fighting
 + Level 1.9 Short Blades
 + Level 2.5 Armour
 + Level 2.8 Shields


You couldn't memorise any spells.
You didn't know any spells.
Your spell library was empty.

Dungeon Overview and Level Annotations

Branches:
Dungeon (1/15)

Altars:


Innate Abilities, Weirdness & Mutations

You have extremely sharp teeth.
When hurt, damage is shared between your health and your magic reserves.
Your bite disrupts and absorbs the magic of your enemies.
Potions cannot restore your health.


Message History

A kobold is nearby!
A kobold is nearby!
A kobold is nearby!
You miss the kobold.
The kobold hits you with a +0 short sword.
You hit the kobold but do no damage. Your bite misses the kobold.
You block the kobold's attack.
You closely miss the kobold. The kobold hits you but does no damage.
You barely miss the kobold. The kobold hits you but does no damage.
You block the kobold's attack.
You closely miss the kobold. The kobold hits you but does no damage.
You completely miss the kobold. Your bite misses the kobold.
The kobold hits you but does no damage.
You closely miss the kobold. The kobold hits you but does no damage.
You barely miss the kobold. The kobold barely misses you.
You miss the kobold. The kobold hits you but does no damage.
You closely miss the kobold.
The kobold hits you with a +0 short sword.
The kobold hits you but does no damage.
You barely miss the kobold. The kobold hits you but does no damage.
You closely miss the kobold.
The kobold hits you with a +0 short sword.
You are too injured to fight recklessly!
You are too injured to fight recklessly!
You are too injured to fight recklessly!
You are too injured to fight recklessly!
You are too injured to fight recklessly!
You are too injured to fight recklessly!
You are too injured to fight recklessly!
You are too injured to fight recklessly!
You are too injured to fight recklessly!
You are too injured to fight recklessly!
You are too injured to fight recklessly!
You are too injured to fight recklessly!
You are too injured to fight recklessly!
You are too injured to fight recklessly!
You are too injured to fight recklessly!
You are too injured to fight recklessly!
You are too injured to fight recklessly!
Are you sure you want to abandon this character and quit the game? (Confirm with "yes".)

#..# ##+##+## #..#
#......# #..#
#......#
#..###......#
#..#........# #
#..#.?@K....# #.
#†.#..#+##.##
.###.##†.#..#.##.#
........>........####
....................#
.###.....#..#.#..##.#
######..#.##.#..##.#
#................#.#
#.####..###........#


You could see a kobold.

Vanquished Creatures
  2 giant cockroaches (D:1)
  2 kobolds (D:1)
  A frilled lizard (D:1)
  A rat (D:1)
6 creatures vanquished.

Notes
Turn   | Place    | Note
-------+----------+-------------------------------------------
     0 | D:1      | Jerry the Vine Stalker Fighter began the quest for the Orb.
     0 | D:1      | Reached XP level 1. HP: 11/11 MP: 2/2
   249 | D:1      | Quit the game

Illustrated notes

Levels and vault maps discovered:
D:1:      dpeg_arrival_tiny_e, layout_basic,
          hellmonk_ecumenical_altar_arch_garden, item_on_display_a

Action                   || total
-------------------------++-------
Melee: Rapier            ||    29
       Bite              ||     2
Armor: Scale mail        ||    13
Dodge: Dodged            ||    11
Block: Buckler           ||     7
